 Dungeon Crawl Stone Soup version 0.20.1-1-g8b1a95d (webtiles) character file.

36497 renl the Earth Mage (level 13, -2/68 HPs)
             Began as a Gargoyle Earth Elementalist on July 13, 2017.
             Was a Priest of Ashenzari.
             Slain by a meliai
             ... wielding a +0 war axe
              (17 damage)
             ... on level 4 of the Lair of Beasts.
             The game lasted 02:21:31 (14031 turns).

renl the Earth Mage (Gargoyle Earth Elementalist)  Turns: 14031, Time: 02:21:34

Health: -2/68      AC: 22    Str: 14    XL:     13   Next: 90%
Magic:  4/31       EV: 18    Int: 23    God:    Ashenzari [***...]
Gold:   1189       SH:  0    Dex: 15    Spells: 29/41 levels left

rFire    + . .     SeeInvis +   N - +3 quarterstaff (chaos) (curse)
rCold    . . .     Gourm    .   (shield currently unavailable)
rNeg     + . .     Faith    .   O - +0 troll leather armour (curse)
rPois    ∞         Spirit   .   g - +0 helmet
rElec    +         Reflect  .   U - +2 cloak (curse)
rCorr    .         Harm     .   H - +2 pair of gloves of Heawnikk {+Fly Regen+ Int+2 Dex+5} (curse)
MR       +....                  v - +0 pair of boots
Stlth    ++........             o - amulet of regeneration (curse)
Regen    1.9/turn               K - ring of protection from magic (curse)
MPRegen  0.3/turn               C - +3 ring of evasion (curse)

@: no status effects
A: fire resistance 1, negative energy resistance 1, regeneration 1, electricity
resistance, strong 1, unbreathing, petrification resistance, rot immunity,
MP-powered wands, AC +9
a: Curse Item, Scrying, Renounce Religion, Evoke Flight


You were on level 4 of the Lair of Beasts.
You worshipped Ashenzari.
Ashenzari was most pleased with you.
You were not hungry.

You visited 3 branches of the dungeon, and saw 16 of its levels.
You also visited: Volcano.

You collected 1189 gold pieces.

Inventory:

Hand Weapons
 N - a cursed +3 quarterstaff of chaos (weapon)
Missiles
 b - 405 stones (quivered)
Armour
 c - a +2 chain mail of fire resistance
 g - a +0 helmet (worn)
 v - a +0 pair of boots (worn)
 H - the cursed +2 pair of gloves of Heawnikk (worn) {+Fly Regen+ Int+2 Dex+5}
   (You found it on level 6 of the Dungeon)

   It affects your intelligence (+2).
   It affects your dexterity (+5).
   It lets you fly.
   It increases your rate of regeneration.
   It has a curse placed upon it.
 O - a cursed +0 troll leather armour (worn)
 U - a cursed +2 cloak (worn)
Magical Staves
 w - an uncursed staff of death
 T - an uncursed staff of power
Jewellery
 f - an uncursed ring of protection from fire
 l - an uncursed ring of ice
 o - a cursed amulet of regeneration (around neck)
 C - a cursed +3 ring of evasion (right hand)
 K - a cursed ring of protection from magic (left hand)
Wands
 y - a wand of scattershot (2/9)
 E - a wand of disintegration (13/24)
 Z - a wand of acid (4/15)
Scrolls
 k - a scroll of magic mapping
 p - 4 scrolls of recharging
 q - 3 scrolls of blinking
 s - 4 scrolls of immolation
 t - 3 scrolls of remove curse
 x - 6 scrolls of teleportation {unknown}
 B - 3 scrolls of fear {unknown}
 I - 4 scrolls of amnesia
 P - a scroll of random uselessness {unknown}
 Q - a scroll of enchant weapon {unknown}
 R - 3 scrolls of fog
 X - a scroll of holy word {unknown}
 Y - a scroll of enchant armour {unknown}
Potions
 a - 2 potions of magic
 i - 8 potions of curing
 j - 2 potions of resistance
 m - 2 potions of ambrosia
 n - 6 potions of haste
 r - 2 potions of brilliance
 u - 7 potions of heal wounds
 z - 3 potions of agility
 D - 3 potions of flight
 J - 4 potions of mutation
 L - a potion of experience {unknown}
 M - 2 potions of berserk rage {unknown}
 S - a potion of might
 W - 2 potions of lignification
Books
 e - a book of Geomancy

   Spells                             Type                      Level
   a - Sandblast                      Earth                        1
   b - Passwall                       Transmutation/Earth          2
   c - Stone Arrow                    Conjuration/Earth            3
   d - Petrify                        Transmutation/Earth          4
   e - Lee's Rapid Deconstruction     Earth                        5
Comestibles
 d - 14 bread rations
 h - 8 meat rations
 A - 9 royal jellies
 F - 20 fruits
 V - 11 chunks of flesh


   Skills:
 + Level 3.2 Fighting
 + Level 3.7 Armour
 + Level 4.5(6.3) Dodging
 - Level 2.1(3.6) Stealth
 + Level 14.7 Spellcasting
 - Level 0.7(2.1) Transmutations
 + Level 17.3(19.6) Earth Magic
 + Level 0.5(1.7) Evocations


You had 29 spell levels left.
You knew the following spells:

 Your Spells              Type           Power        Failure   Level  Hunger
a - Sandblast             Erth           ######       0%          1    None
b - Passwall              Tmut/Erth      ######....   1%          2    None
c - Lee's Rapid Deconstr  Erth           #######...   1%          5    ###....
d - Petrify               Tmut/Erth      ######..     1%          4    None


Dungeon Overview and Level Annotations

Branches:
Dungeon (11/15)            Temple (1/1) D:4            Lair (4/6) D:8
  Snake (0/4) Lair:4          Orc (0/2) D:10
  Swamp: Lair:2-4    Shoals: Lair:2-4

Altars:
Ashenzari
Cheibriados
Dithmenos
Elyvilon
Fedhas
Gozag
Hepliaklqana
Kikubaaqudgha
Makhleb
Nemelex Xobeh
Okawaru
Qazlal
Ru
Sif Muna
Trog
Uskayaw
Vehumet
Xom
Yredelemnul
Zin
The Shining One

Shops:
D:8 *

Annotations:
D:5 Foxy's ghost, novice DrBe


Innate Abilities, Weirdness & Mutations

You are resistant to torment.
Your stone body is resilient. (AC +9)
You are immune to poison.
You resist negative energy. (rN+)
You are resistant to electric shocks. (rElec)
You can survive without breathing.
You are immune to petrification.
You are immune to rotting.
Your flesh is heat resistant. (rF+)
Your natural rate of healing is unusually fast.
Your muscles are strong. (Str +2)
You expend magic power (3 MP) to strengthen your wands.


Message History

The meliai hits you with a war axe. The meliai misses you.
The queen bee calls on the meliai to defend it!
The meliai goes berserk!
Casting: Lee's Rapid Deconstruction
Confirm with . or Enter, or press ? or * to list all spells.
Which direction?
The meliai barely misses you.
The meliai stings you but does no damage.
The meliai closely misses you. x3
The meliai stings you but does no damage.
You begin to meditate on the wall.
You continue meditating on the rock.
The meliai closely misses you.
The meliai stings you but does no damage.
The meliai hits you with a war axe!! The meliai stings you.
* * * LOW HITPOINT WARNING * * *
You continue meditating on the rock.
The meliai hits you with a war axe.
* * * LOW HITPOINT WARNING * * *
The meliai closely misses you. The meliai hits you with a war axe!
You die...

#.#.....†....##..#*..##.##..**
......#.#l.....#..##..##..#..##..
.......{#..#....P...##....#....#*
......{.#..##†.∆..##..##..)#.#.#
...lH#.....##..##...#.##.#.#..# *
.....##.....##..##.#.#..#).÷###*
...#.##.....###†yy.##.#.#..†#.# ,
...#.##.....####y##.##.#.#.#..#,
.....#.......###@.##...#.#.#.%##
..............###..#.#....#....#,
....†##.......####...##.P.#..#÷##
.#...##.#......#####..#..#.##†..#
.#....#.........#* ##...........#
......#.........., * ###...P..#..
........P........ ##*#.....#.#.
.....#.....>....#.. ..###..#.....
......#.#.....#.......)...###.⌠..


You could see a queen bee, a meliai (berserk) and a killer bee.

Vanquished Creatures
  Snorg (D:10)
  A dancing weapon (Volcano)
  3 two-headed ogres
  7 death yaks
  2 wizards (Volcano)
  A manticore (Lair:4)
  An oklob plant (Lair:1)
  5 toenail golems (Volcano)
  5 black mambas
  2 elephants (Lair:4)
  A merfolk siren (Lair:4)
  4 spiny frogs
  3 rime drakes (Lair:4)
  2 komodo dragons
  2 meliai (Lair:4)
  A polar bear (D:9)
  3 trolls
  Grinder (D:6)
  20 blink frogs
  4 hippogriffs
  2 hogs (D:7)
  A human (D:7)
  A wyvern (Lair:2)
  5 basilisks
  28 yaks
  A steam dragon (D:10)
  A hungry ghost (D:10)
  2 nagas (Lair:4)
  5 porcupines
  4 water moccasins
  5 orc warriors
  A hornet zombie (D:9)
  7 ice beasts
  4 sky beasts
  4 black bears
  2 eyes of draining
  A necrophage (D:9)
  A phantom (D:8)
  3 wolves
  6 centaurs
  3 ogres
  9 crocodiles
  11 bullfrogs
  A water moccasin zombie (D:8)
  5 scorpions
  27 killer bees
  4 howler monkeys
  3 electric eels
  A centaur zombie (D:10)
  11 hounds
  A bullfrog zombie (D:8)
  2 crimson imps
  A wyvern simulacrum (D:9)
  2 quasits
  8 orc priests
  A gnoll shaman (D:8)
  7 orc wizards
  Crazy Yiuf (D:7)
  A centaur skeleton (D:4)
  3 jellies
  2 bullfrog skeletons
  2 iguanas
  5 worker ants
  A killer bee zombie (D:10)
  A centaur simulacrum (D:9)
  A hound skeleton (D:5)
  22 gnolls
  A howler monkey skeleton (D:4)
  11 adders
  5 shadow imps
  3 white imps (D:9)
  An ufetubus (D:9)
  An ooze (D:4)
  4 worms
  3 dart slugs
  10 leopard geckos
  46 orcs
  4 giant cockroaches
  9 goblins
  4 hobgoblins
  7 jackals
  7 quokkas
  A ball python (D:4)
  6 bats
  8 frilled lizards
  6 kobolds
  3 quokka skeletons
  5 rats
  2 fungi
  5 plants
441 creatures vanquished.

Vanquished Creatures (others)
  3 wizards (Volcano)
  8 fungi
  11 plants
22 creatures vanquished.

Grand Total: 463 creatures vanquished

Notes
Turn   | Place    | Note
-------+----------+-------------------------------------------
     0 | D:1      | renl the Gargoyle Earth Elementalist began the quest for the Orb.
     0 | D:1      | Reached XP level 1. HP: 10/10 MP: 3/3
   193 | D:1      | Reached skill level 4 in Earth Magic
   193 | D:1      | Reached XP level 2. HP: 12/15 MP: 5/5
   238 | D:1      | Learned a level 2 spell: Passwall
   687 | D:1      | Reached XP level 3. HP: 19/19 MP: 6/6
  1024 | D:2      | Found a shadowy altar of Dithmenos.
  1183 | D:2      | Reached skill level 5 in Earth Magic
  1451 | D:2      | Found a faded altar of an unknown god.
  1554 | D:3      | Found a burning altar of Makhleb.
  1554 | D:3      | Noticed a balrug
  1655 | D:3      | Reached XP level 4. HP: 20/24 MP: 5/8
  2366 | D:4      | Reached skill level 6 in Earth Magic
  2366 | D:4      | Reached XP level 5. HP: 19/28 MP: 9/9
  2713 | D:4      | Found a staircase to the Ecumenical Temple.
  2718 | Temple   | Entered the Ecumenical Temple
  2871 | D:4      | Reached XP level 6. HP: 16/32 MP: 9/12
  2881 | D:4      | Found a glowing silver altar of Zin.
  2964 | D:4      | Reached skill level 7 in Earth Magic
  3278 | D:5      | Entered Level 5 of the Dungeon
  3305 | D:5      | Reached XP level 7. HP: 21/36 MP: 12/14
  3313 | D:5      | Learned a level 5 spell: Lee's Rapid Deconstruction
  3318 | D:5      | Learned a level 4 spell: Petrify
  3658 | D:5      | Noticed Foxy's ghost (novice DrBe)
  3700 | D:5      | Reached skill level 5 in Spellcasting
  3700 | D:5      | Reached skill level 8 in Earth Magic
  4044 | D:6      | Noticed Grinder
  4107 | D:6      | Reached XP level 8. HP: 41/41 MP: 0/16
  4166 | D:6      | Reached skill level 9 in Earth Magic
  4340 | D:6      | Killed Grinder
  4377 | D:6      | Got a pair of transparent gloves
  4383 | D:6      | Identified the +2 pair of gloves of Heawnikk {+Fly Regen+ Int+2 Dex+5} (You found it on level 6 of the Dungeon)
  4889 | D:6      | Reached skill level 10 in Earth Magic
  4979 | D:7      | Noticed a two-headed ogre
  4986 | D:7      | Killed a two-headed ogre
  4986 | D:7      | Reached XP level 9. HP: 45/45 MP: 0/21
  5166 | D:7      | Reached skill level 11 in Earth Magic
  5288 | D:7      | Found a blossoming altar of Fedhas.
  5421 | D:7      | Found a shimmering altar of Xom.
  5622 | D:7      | Found a runed door.
  5631 | D:7      | Gained mutation: Your muscles are strong. (Str +2) [potion of mutation]
  5631 | D:7      | Gained mutation: You expend magic power (3 MP) to strengthen your wands. [potion of mutation]
  5631 | D:7      | Gained mutation: Your natural rate of healing is unusually fast. [potion of mutation]
  5631 | D:7      | Gained mutation: Your flesh is heat resistant. (rF+) [potion of mutation]
  5716 | D:7      | Noticed Crazy Yiuf
  5717 | D:7      | Killed Crazy Yiuf
  5819 | D:7      | Reached XP level 10. HP: 50/50 MP: 12/23
  5893 | D:8      | Noticed a two-headed ogre
  5896 | D:8      | Killed a two-headed ogre
  5896 | D:8      | Reached skill level 10 in Spellcasting
  5896 | D:8      | Reached skill level 12 in Earth Magic
  5977 | D:8      | Found a staircase to the Lair.
  6370 | D:8      | Found a bloodstained altar of Trog.
  6494 | D:8      | You fall through a shaft for 3 floors!
  6531 | D:10     | Entered Level 10 of the Dungeon
  6574 | D:11     | Reached skill level 13 in Earth Magic
  6764 | D:8      | Reached XP level 11. HP: 54/54 MP: 20/26
  6768 | D:8      | Found Allop's Assorted Antiques.
  7717 | D:9      | Noticed a two-headed ogre
  7720 | D:9      | Found a shattered altar of Ashenzari.
  7726 | D:9      | Killed a two-headed ogre
  7726 | D:9      | Reached skill level 14 in Earth Magic
  7751 | D:9      | Became a worshipper of Ashenzari the Shackled
  8137 | D:9      | Found a basalt altar of Yredelemnul.
  8298 | D:10     | Noticed Snorg
  8427 | D:10     | Killed Snorg
  8643 | D:10     | Found a staircase to the Orcish Mines.
  8953 | D:10     | Reached * piety under Ashenzari
  9278 | D:10     | Noticed a two-headed ogre
  9388 | Lair:1   | Entered Level 1 of the Lair of Beasts
  9656 | Lair:1   | Reached XP level 12. HP: 59/59 MP: 2/28
  9764 | Lair:1   | Found a blossoming altar of Fedhas.
  9810 | Lair:1   | Reached skill level 15 in Earth Magic
 10541 | Lair:2   | Reached skill level 1 in Armour
 10629 | Lair:2   | Reached ** piety under Ashenzari
 10897 | Lair:2   | Found an iron altar of Okawaru.
 11453 | Lair:3   | Found a dark tunnel.
 11462 | Volcano  | Entered a volcano
 11890 | Volcano  | Reached skill level 16 in Earth Magic
 12128 | Lair:3   | Noticed a death yak
 12133 | Lair:3   | Noticed a death yak
 12134 | Lair:3   | Noticed a death yak
 12134 | Lair:3   | Noticed a death yak
 12142 | Lair:3   | Killed a death yak
 12142 | Lair:3   | Reached skill level 1 in Fighting
 12148 | Lair:3   | Noticed a death yak
 12153 | Lair:3   | Noticed a death yak
 12309 | Lair:2   | Killed a death yak
 12346 | Lair:2   | Killed a death yak
 12346 | Lair:2   | Reached XP level 13. HP: 55/65 MP: 12/30
 12808 | Lair:3   | Identified the +7 battleaxe of Defence by Offence {venom, Str-5 Dex+7}
 13016 | Lair:3   | Reached *** piety under Ashenzari
 13487 | Lair:4   | Found a staircase to the Snake Pit.
 13534 | Lair:4   | Reached skill level 17 in Earth Magic
 14031 | Lair:4   | Slain by a meliai

Skill      XL: |  1  2  3  4  5  6  7  8  9 10 11 12 13 |
---------------+----------------------------------------+-----
Earth Magic    | 4 5 6 7 8 10 11 13 14 16 17 | 17.3
Spellcasting   | 3 4 5 8 9 11 12 13 14 | 14.7
Armour         | 2 3 |  3.7
Fighting       | 1 3 |  3.2
Dodging        | 2 4 |  4.5
Stealth        | |  2.1
Transmutations | |  0.7
Evocations     | |  0.5

Action                   |  1- 3 |  4- 6 |  7- 9 | 10-12 | 13-15 || total
-------------------------+-------+-------+-------+-------+-------++-------
Melee: Club              |    37 |       |       |       |       ||    37
       Unarmed           |    12 |       |       |       |       ||    12
       Hand axe          |     8 |       |       |       |       ||     8
       Short sword       |    33 |   165 |   224 |       |       ||   422
       War axe           |    28 |    10 |       |       |       ||    38
       Quarterstaff      |       |       |       |   378 |   281 ||   659
       Staff             |       |       |       |    35 |       ||    35
 Cast: Sandblast         |    14 |    31 |     4 |       |       ||    49
       Passwall          |     2 |       |     7 |     8 |     5 ||    22
       Lee's Rapid Decon |       |       |    37 |   153 |    54 ||   244
       Petrify           |       |       |     2 |    28 |     3 ||    33
Invok: Curse Item        |       |       |       |     7 |       ||     7
       Scrying           |       |       |       |     1 |       ||     1
 Abil: Evoke Flight      |       |       |       |     2 |       ||     2
  Use: Scroll            |     7 |     2 |     5 |     6 |       ||    20
       Potion            |       |       |     1 |       |       ||     1
 Stab: Sleeping          |     6 |     1 |     1 |       |       ||     8
       Petrified         |       |       |       |    16 |       ||    16
       Paralysed         |       |       |       |     1 |     7 ||     8
       Petrifying        |       |       |       |     1 |       ||     1
       Distracted        |       |       |       |       |     2 ||     2
  Eat: Chunk             |     2 |     6 |    19 |    37 |     7 ||    71
       Fruit             |       |       |       |     3 |     5 ||     8
Armor: Robe              |    45 |    49 |    69 |       |       ||   163
       Troll leather arm |       |       |       |   180 |   294 ||   474
       Ring mail         |       |       |       |    25 |       ||    25
Dodge: Dodged            |    86 |    88 |   141 |   281 |   730 ||  1326
